 Dungeon Crawl Stone Soup version 0.26.1-10-gdfb7c7de75 (webtiles) character file.

Game seed: 14865601028717504495

687 H0rd4k the Charlatan (level 7, -3/49 (51) HPs)
             Began as a Human Artificer on Apr 9, 2021.
             Was an Initiate of Gozag.
             Slain by a hell rat (6 damage)
             ... on level 5 of the Dungeon.
             The game lasted 00:09:09 (7200 turns).

H0rd4k the Charlatan (Human Artificer)              Turns: 7200, Time: 00:09:12

HP:   -3/49 (51)    AC:  3    Str: 15    XL:     7   Next: 94%
MP:   7/7           EV: 13    Int: 11    God:    Gozag
Gold: 342           SH:  5    Dex: 13    Spells: 4/6 levels left

rFire    . . .     SeeInvis .   u - +2 dagger (venom)
rCold    . . .     Faith    .   (no shield)
rNeg     . . .     Spirit   .   b - +0 leather armour
rPois    .         Reflect  +   (no helmet)
rElec    .         Harm     .   (no cloak)
rCorr    .         Rampage  .   (no gloves)
Will     .....                  (no boots)
Stlth    ++........             e - amulet of reflection
HPRegen  0.16/turn              (no ring)
MPRegen  0.10/turn              (no ring)

@: gold aura, lightly drained
A: no striking features
a: Renounce Religion, Potion Petition, Call Merchant, Bribe Branch


You were on level 5 of the Dungeon.
You worshipped Gozag.
Gozag was aware of your devotion.
You visited 2 branches of the dungeon, and saw 6 of its levels.

You collected 521 gold pieces.
You spent 96 gold pieces at shops.
You paid 83 gold pieces to Gozag.

Inventory:

Hand Weapons
 h - a +0 short sword
 m - a +1 scythe of venom
 u - a +2 dagger of venom (weapon)
Missiles
 i - 42 poisoned darts (quivered)
Armour
 b - a +0 leather armour (worn)
Jewellery
 e - an amulet of reflection (around neck)
 k - an uncursed amulet of faith
 v - an uncursed amulet of the acrobat
 x - a +4 ring of slaying {unknown}
Wands
 c - a wand of flame (20)
 d - a wand of enslavement (11)
 t - a wand of polymorph (9)
Scrolls
 f - 3 scrolls of fog
 j - 4 scrolls of magic mapping
 l - 4 scrolls of blinking {unknown}
 o - 2 scrolls of amnesia {unknown}
 p - 2 scrolls of remove curse
 q - 4 scrolls of teleportation
 s - 2 scrolls of fear {unknown}
 w - a scroll of enchant weapon
 y - a scroll of identify
Potions
 a - a potion of ambrosia
 g - 3 potions of haste
 n - a potion of lignification
 r - a potion of flight {unknown}
 z - a potion of curing {unknown}
 A - a potion of heal wounds


   Skills:
 + Level 2.6 Fighting
 + Level 4.0 Short Blades
 + Level 3.3 Armour
 + Level 3.7 Dodging
 + Level 3.0 Stealth
 + Level 0.8 Shields
 + Level 4.1 Evocations


You had 4 spell levels left.
You knew the following spells:

 Your Spells              Type           Power        Failure   Level
a - Blink                 Tloc           N/A          54%         2

Your spell library contained the following spells:

 Spells                   Type           Power        Failure   Level
 Magic Dart               Conj           0%           41%         1
 Call Imp                 Summ           0%           54%         2
 Slow                     Hex            0%           54%         2
 Conjure Flame            Conj/Fire      0%           78%         3
 Mephitic Cloud           Conj/Pois/Air  0%           78%         3


Dungeon Overview and Level Annotations

Branches:
Dungeon (5/15)             Temple (1/1) D:4

Altars:
Elyvilon
Gozag
Kikubaaqudgha
Okawaru
Qazlal
Sif Muna
Wu Jian
Xom
Zin
The Shining One

Shops:
D:4 ?   D:5 !

Annotations:
D:2 !natasha, Natasha
D:3 2 transporters, Efficiency's ghost, weakling BaIE
D:4 exclusion: phantom


Message History

You barely miss the river rat.
The river rat is lightly wounded.
The river rat is no longer distracted by gold.
You block the river rat's attack.
You hit the river rat.
The river rat looks as sick as possible!
The river rat is severely wounded.
You kill the river rat!
You hit the hell rat but do no damage.
The hell rat is poisoned.
The hell rat bites you!
You hit the hell rat but do no damage.
The hell rat looks as sick as possible!
The hell rat is lightly wounded.
The hell rat barely misses you.
You closely miss the hell rat.
The hell rat is lightly wounded.
The hell rat bites you!
* * * LOW HITPOINT WARNING * * *
You feel drained.
You die...
Your body crumbles into a pile of gold.

#..........##..#.###.#...###..
#.........##.##### ######.##..
#.......###.##... .######.#..
#......##..##[...# ...##..##..
#....#.#.####.....#..##.####..
#......##.## #..r....##.####.
##.....#.#.#######$#.#.##.# #.
#......####..##.r.#.$.##.#####
##........###@rrr...###..##.#.
##......##..###########..#....
#...##.#..........## #.###....
#..#####............##.##....#
###...#.....................##
.#.##.............#####........#
............###....# ######...#
..#####.∩..## ###..# ##..#
###..# #..## ##.##


You could see a hell rat (extremely poisoned), a river rat and 2 rats.

Vanquished Creatures
  Sigmund (D:2)
  A bullfrog (D:2)
  A gnoll shaman (D:4)
  An orc wizard (D:3)
  A bullfrog skeleton (D:4)
  Natasha (D:2)
  3 worker ants
  A hound skeleton (D:4)
  5 adders
  2 gnolls (D:4)
  5 river rats (D:5)
  4 worms
  13 dart slugs
  2 leopard geckos
  10 orcs
  5 giant cockroaches
  5 goblins
  9 hobgoblins
  2 jackals (D:4)
  2 quokkas
  A ball python (D:2)
  5 bats
  4 frilled lizards
  9 kobolds
  19 rats
112 creatures vanquished.

Vanquished Creatures (collateral kills)
  An orc (D:3)
  A hobgoblin (D:3)
2 creatures vanquished.

Vanquished Creatures (others)
  A jelly (D:3)
  An orc wizard (D:3)
  A frilled lizard (D:3)
3 creatures vanquished.

Grand Total: 117 creatures vanquished

Notes
Turn   | Place    | Note
-------+----------+-------------------------------------------
     0 | D:1      | H0rd4k the Human Artificer began the quest for the Orb.
     0 | D:1      | Reached XP level 1. HP: 15/15 MP: 1/1
   470 | D:1      | Reached XP level 2. HP: 21/21 MP: 2/2
  1515 | D:1      | Reached XP level 3. HP: 23/26 MP: 3/3
  2336 | D:2      | Noticed Sigmund
  2343 | D:2      | Killed Sigmund
  2344 | D:2      | Reached XP level 4. HP: 33/33 MP: 4/4
  2344 | D:2      | Reached XP level 5. HP: 38/38 MP: 5/5
  2344 | D:2      | Reached XP level 6. HP: 44/44 MP: 6/6
  2931 | D:2      | Noticed Natasha
  2934 | D:2      | Killed Natasha
  3224 | D:2      | Noticed Natasha
  3305 | D:3      | Found a transporter.
  3310 | D:3      | Noticed Efficiency's ghost (weakling BaIE)
  4106 | D:3      | Found an iron altar of Okawaru.
  4530 | D:3      | Found a transporter.
  4602 | D:2      | Reached XP level 7. HP: 18/50 MP: 7/7
  5015 | D:3      | Learned a level 2 spell: Blink
  5228 | D:4      | Found a staircase to the Ecumenical Temple.
  5238 | Temple   | Entered the Ecumenical Temple
  5296 | Temple   | Became a worshipper of Gozag Ym Sagoz the Greedy
  5802 | D:4      | Found Nuonkain's Magic Scroll Emporium.
  5808 | D:4      | Bought a scroll of teleportation for 36 gold pieces
  6391 | D:5      | Entered Level 5 of the Dungeon
  6558 | D:5      | Found a glowing golden altar of the Shining One.
  6587 | D:5      | Found an ancient bone altar of Kikubaaqudgha.
  6773 | D:5      | Found Mikhegay's Distillery.
  6781 | D:5      | Bought a potion of heal wounds for 60 gold pieces
  7163 | D:5      | Found the +2 ratskin cloak {*Rats rPois rN+ Str-1 Int-1
                  | Dex+1}
  7200 | D:5      | Slain by a hell rat

Illustrated notes

Levels and vault maps discovered:
D:1:      sevenhm_arrival_forest_fort_small_4, layout_loops_ring, st_stairs_3
D:2:      layout_loops_ring, uniq_natasha, uniq_sigmund
D:3:      layout_basic, gammafunk_ghost_stat_death, okawaru_ov_weapons_minmay
D:4:      kennysheep_slugbush, layout_gridville, minmay_temple_entry_hall,
          serial_shops, nicolae_shop_competitors_out_of_business, chequers_jeans
D:5:      wander_guarded_unrand_ratskin, layout_layer_cave,
          lemuel_zombie_altar_yredelemnul, grunt_temple_overflow_open,
          serial_shops, shop, patterned_corridor
Temple:   regret_index_temple_sphere_string

Skill      XL: |  1  2  3  4  5  6  7 |
---------------+----------------------+-----
Fighting       | 2 |  2.6
Short Blades   | 2 3 4 |  4.0
Dodging        | 2 3 |  3.7
Stealth        | 2 3 |  3.0
Armour         | 3 |  3.3
Evocations     | 4 |  4.1
Shields        | |  0.8

Action                   |  1- 3 |  4- 6 |  7- 9 || total
-------------------------+-------+-------+-------++-------
Melee: Club              |    34 |       |       ||    34
       Short sword       |   123 |   188 |     6 ||   317
       Dagger            |       |       |   200 ||   200
Evoke: Wand              |     9 |    27 |       ||    36
  Use: Scroll            |     3 |     2 |     2 ||     7
 Stab: Sleeping          |     4 |     2 |     3 ||     9
       Paralysed         |     5 |       |       ||     5
       Distracted        |       |       |     1 ||     1
Armor: Leather armour    |    54 |    34 |    17 ||   105
Dodge: Dodged            |    99 |   110 |    98 ||   307
Block: Other             |       |       |    34 ||    34
       Reflection        |       |       |     1 ||     1
